Map: Submarine LE

Players

Necromorf - Winner!

  • Race: Protoss Protoss
  • League: Diamond
  • Spawn Location: 5:00

Massa

  • Race: Terran Terran
  • League: Platinum
  • Spawn Location: 11:00

VOD

Have the link to the VOD?

Description

Time

  • Played on: Jan. 16, 2021, 5:36 a.m.
  • Length: 7:28
Show
View Real Time Build Order
Export as new Build Order

Necromorf Protoss - Winner!

Build Orders:  

Get SALT Encoding   

  12  0:10  Pylon  
  12  0:30  Forge  
  12  0:48  Pylon  
  12  1:00  Pylon  
  12  1:08  Photon Cannon  
  12  1:11  Photon Cannon  
  12  1:20  Pylon  
  11  1:49  Probe (Chrono Boost)  
  12  1:59  Probe (Chrono Boost)  
  13  2:02  Photon Cannon  
  13  2:05  Photon Cannon  
  13  2:16  Pylon  
  13  2:41  Pylon  
  13  2:43  Probe (Chrono Boost)  
  14  2:53  Probe (Chrono Boost)  
  14  2:56  Pylon  
  14  2:58  Probe (Chrono Boost)  
  16  3:09  Probe  
  17  3:14  Gateway  
  17  3:21  Probe  
  18  3:41  Gateway  
  18  3:43  Probe  
  19  3:55  Probe  
  20  4:01  Zealot (Chrono Boost)  
  22  4:07  Probe  
  23  4:19  Zealot (Chrono Boost)  
  25  4:35  Zealot  
  27  4:45  Zealot  
  28  4:58  Photon Cannon  
  26  5:03  Zealot  
  28  5:12  Zealot  
  30  5:29  Cybernetics Core  
  30  5:30  Zealot  
  30  5:32  Probe (Chrono Boost), Assimilator  
  33  5:36  Assimilator  
  33  5:39  Zealot  
  33  5:42  Probe (Chrono Boost)  
  36  5:46  Probe (Chrono Boost)  
  35  5:58  Probe  
  36  6:10  Probe  
  35  6:13  Stalker  
  35  6:34  Stalker (Chrono Boost)  
  35  6:45  Stalker (Chrono Boost)  
Show
View Real Time Build Order
Export as new Build Order

Massa Terran 

Build Orders:  

Get SALT Encoding   

  12  0:00  SCV  
  13  0:12  SCV  
  14  0:17  Supply Depot  
  14  0:24  SCV  
  15  0:39  SCV  
  15  0:40  Barracks  
  16  0:49  Refinery  
  16  0:51  SCV  
  17  0:58  Refinery  
  17  1:32  Marine  
  17  1:36  Supply Depot  
  17  1:44  Orbital Command  
  13  2:09  Factory  
  13  2:12  SCV  
  9  2:53  Orbital Command  
  9  3:00  Factory Tech Lab  
  9  3:07  Orbital Command  
  9  3:34  SCV  
  10  3:43  Reaper  
  10  3:46  SCV  
  12  3:58  SCV  
  12  3:59  Refinery  
  13  4:15  Marine  
  14  4:24  SCV  
  14  4:36  SCV  
  15  4:41  Reaper  
  11  5:18  Reaper  
  12  5:50  Reaper  
  12  6:43  Orbital Command  
  12  7:15  SCV  
  13  7:21  Bunker  
Tags
 
Matchup
PvT
Replay Pack
Multiplayer
Spawn Locations
Cross Positions
Add a new tag
Caveats
  • Supply blocks, unpowered buildings, or Contaminate may cause inaccurate times.
  • Supply counts are checked every 10 seconds.